 Dungeon Crawl Stone Soup version 0.29-a0-330-g52719c12eb (webtiles) character file.

Game seed: 11312108542216133200

42 Alarak the Chopper (level 3, -1/31 HPs)
             Began as a Hill Orc Monk on Apr 21, 2022.
             Was an Initiate of Ashenzari.
             Slain by a worm (2 damage)
             ... on level 2 of the Dungeon.
             The game lasted 00:02:00 (1858 turns).

Alarak the Chopper (Hill Orc Monk)                  Turns: 1858, Time: 00:02:00

Health: -1/31      AC:  5    Str: 15    XL:     3   Next: 54%
Magic:  3/3        EV: 11    Int: 10    God:    Ashenzari [......]
Gold:   42         SH:  0    Dex: 13    Spells: 2/2 levels left

rFire   . . .      SeeInvis .   a - +0 hand axe
rCold   . . .      Faith    .   (no shield)
rNeg    . . .      Spirit   .   j - +0 ring mail
rPois   .          Reflect  .   (no helmet)
rElec   .          Harm     .   (no cloak)
rCorr   .          Rampage  .   (no gloves)
Will    .....                   (no boots)
Stlth   +.........              (no amulet)
HPRegen 0.10/turn               (no ring)
MPRegen 0.08/turn               (no ring)

@: no status effects
A: no striking features
a: Renounce Religion, Curse Item


You were on level 2 of the Dungeon.
You worshipped Ashenzari.
Ashenzari was noncommittal.
You visited 1 branch of the dungeon, and saw 2 of its levels.

You collected 42 gold pieces.

Inventory:

Hand Weapons
 a - a +0 hand axe (weapon)
Armour
 b - a +0 robe
 j - a +0 ring mail (worn)
Jewellery
 d - a ring of resist corrosion
Scrolls
 e - a scroll of immolation {unknown}
 f - 3 scrolls of identify {unknown}
 g - a scroll of magic mapping {unknown}
 h - 2 scrolls of enchant armour {unknown}
Potions
 c - a potion of ambrosia
 i - a potion of haste {unknown}


   Skills:
 - Level 3.6 Fighting
 + Level 5.9 Axes
 - Level 2.4 Dodging
 - Level 1.5 Stealth


You had 2 spell levels left.
You didn't know any spells.
Your spell library was empty.

Dungeon Overview and Level Annotations

Branches:
Dungeon (2/15)

Altars:
Ashenzari


Message History

You barely miss the goblin. You hit the endoplasm but do no damage.
The worm bites you!
* * * LOW HITPOINT WARNING * * *
The endoplasm hits you but does no damage.
The goblin barely misses you.
You hit the worm but do no damage.
The worm is lightly wounded.
You hit the goblin.
You kill the goblin!
You hit the endoplasm.
You kill the endoplasm!
You hit the worm.
The worm is moderately wounded.
You hit the giant cockroach but do no damage.
The giant cockroach bites you but does no damage.
The worm bites you but does no damage.
You hit the worm.
The worm is moderately wounded.
You barely miss the giant cockroach.
The quokka twitches its whiskers.
The giant cockroach bites you but does no damage.
You completely miss the worm. You punch the worm.
The worm is heavily wounded.
You hit the giant cockroach but do no damage.
The giant cockroach bites you but does no damage.
The worm closely misses you.
You completely miss the worm.
The worm is heavily wounded.
You closely miss the giant cockroach. The giant cockroach closely misses you.
The giant cockroach barely misses you. The worm bites you!
* * * LOW HITPOINT WARNING * * *
You barely miss the worm.
The worm is heavily wounded.
You hit the giant cockroach. The giant cockroach closely misses you.
You hit the worm.
The worm is severely wounded.
You hit the giant cockroach but do no damage.
The giant cockroach bites you but does no damage.
The worm bites you.
You die...

....................#
.##.##.#.......#####.##
...................... .
#....................
..##....#...#.#.#####.#.
.......................
..##..#.#.....#.........
........$.......#####.##
.......@...#..#.#####...
..####Bw#..##.#.##......
#rr........##......
g##................ .g
...##..######... ...
#...# #.######†## ...
...# ..#....... .#$(
...# #.....## .#....†##


You could see a worm, a giant cockroach, 2 hobgoblins and 2 rats.

Vanquished Creatures
  A gnoll (D:1)
  3 endoplasms
  2 hobgoblins
  2 jackals (D:1)
  2 kobolds (D:1)
  A quokka (D:1)
  5 ball pythons
  3 bats (D:1)
  5 frilled lizards (D:1)
  3 goblins
  5 rats (D:1)
32 creatures vanquished.

Notes
Turn   | Place    | Note
-------+----------+-------------------------------------------
     0 | D:1      | Alarak the Hill Orc Monk began the quest for the Orb.
     0 | D:1      | Reached XP level 1. HP: 19/19 MP: 1/1
   285 | D:1      | Found a faded altar of an unknown god.
   351 | D:1      | Reached XP level 2. HP: 20/26 MP: 2/2
   508 | D:1      | Reached skill level 5 in Axes
   671 | D:1      | Prayed at the altar of an unknown god.
   671 | D:1      | Became a worshipper of Ashenzari the Shackled
  1288 | D:1      | Reached XP level 3. HP: 27/31 MP: 3/3
  1856 | D:2      | HP: 1/31 [worm (7)]
  1858 | D:2      | Slain by a worm

Illustrated notes

Levels and vault maps discovered:
D:1:      dpeg_arrival_snail, layout_loops_ring, basic_ecumenical_altar
D:2:      layout_basic, minmay_hexomino_c4

Skill      XL: |  1  2 |
---------------+-------+-----
Axes           | 5 |  5.9
Fighting       | |  3.6
Dodging        | |  2.4
Stealth        | |  1.5

Action                   || total
-------------------------++-------
Melee: Hand axe          ||   116
       Punch             ||     2
 Stab: Sleeping          ||     8
Armor: Robe              ||    20
       Ring mail         ||     8
Dodge: Dodged            ||    75

Table legend: (Time is in decaauts)
 A = Elapsed time spent in this place.
 B = Non-inter-level travel time spent in this place.
 C = Inter-level travel time spent in this place.
 D = Time resting spent in this place.
 E = Time spent auto-exploring this place.
 F = Levels seen in this place.
 G = Mean time per level.
                   A        B        C        D        E       F      G
               +--------+--------+--------+--------+--------+-----+--------+
         Total |   1863 |   1790 |     73 |      0 |   1523 |   2 |  931.5 |
       Dungeon |   1863 |   1790 |     73 |      0 |   1523 |   2 |  931.5 |
               +--------+--------+--------+--------+--------+-----+--------+

Top non-repeatable levels by time:
     D:1: 1781 daAuts
     D:2: 81 daAuts
